Map: Prion Terraces

Players

Misaki - Winner!

  • Race: Zerg Zerg
  • League: Grandmaster

TrueCanadian

  • Race: Protoss Protoss
  • League: Diamond

Event: Gauntlet LotV Series 1 Qualifier 1

VOD

Have the link to the VOD?

Description

Time

  • Played on: Nov. 22, 2015, 3:12 p.m.
  • Length: 3:56

All games in this series

Show
View Real Time Build Order
Export as new Build Order

Misaki Zerg - Winner!

Build Orders: 3 Hatch before Pool 

Get SALT Encoding   

  12  0:00  Drone  
  13  0:08  Drone  
  14  0:17  Overlord  
  14  0:24  Drone, Extractor  
  15  0:35  Drone x2  
  17  0:52  Hatchery  
  17  0:54  Drone  
  17  0:57  Drone  
  18  1:19  Hatchery  
  17  1:30  Spawning Pool  
  16  1:33  Drone  
  16  1:36  Drone  
  16  1:39  Drone  
  19  1:44  Drone  
  20  1:59  Extractor  
  19  2:09  Drone x3  
  22  2:17  Queen  
  24  2:23  Zergling x4  
  24  2:26  Zergling x2  
  24  2:27  Zergling x2  
  28  2:35  Zergling x2  
  29  2:41  Zergling x2  
  29  2:42  Zergling x2  
  29  2:43  Zergling x2  
  29  2:47  Zergling x2  
  24  2:56  Drone  
  23  3:02  Drone x2  
  25  3:07  Drone  
  25  3:11  Drone  
  27  3:13  Drone  
  27  3:15  Drone  
  27  3:19  Drone  
  30  3:21  Drone  
  31  3:29  Drone x2  
  31  3:30  Extractor  
  32  3:37  Drone x2  
Show
View Real Time Build Order
Export as new Build Order

TrueCanadian Protoss 

Build Orders:  

Get SALT Encoding   

  12  0:01  Probe (Chrono Boost)  
  13  0:12  Probe (Chrono Boost)  
  14  0:18  Pylon  
  14  0:22  Probe (Chrono Boost)  
  15  0:36  Probe (Chrono Boost)  
  15  0:40  Forge  
  16  0:47  Probe (Chrono Boost)  
  17  0:57  Probe (Chrono Boost)  
  18  1:08  Probe (Chrono Boost)  
  19  1:21  Pylon  
  19  1:40  Probe (Chrono Boost), Pylon  
  20  1:52  Probe (Chrono Boost)  
  21  1:56  Photon Cannon  
  21  1:58  Pylon  
  21  2:03  Photon Cannon  
  21  2:04  Photon Cannon  
  21  2:10  Gateway  
  21  2:12  Assimilator  
  21  2:45  Probe (Chrono Boost)  
  22  2:53  Photon Cannon  
  22  2:54  Nexus  
  22  2:59  Pylon  
  21  3:07  Cybernetics Core  
  21  3:12  Zealot  
  23  3:24  Photon Cannon  
  23  3:25  Pylon  
  23  3:26  Pylon  
Tags
 
Add a new tag
Caveats
  • Supply blocks, unpowered buildings, or Contaminate may cause inaccurate times.
  • Supply counts are checked every 10 seconds.